 Dungeon Crawl Stone Soup version 0.27.1-4-g1640c2035a (webtiles) character file.

Game seed: 11036040011334147085

37 leafyfresh the Magician (level 3, 0/21 HPs)
             Began as an Octopode Hedge Wizard on Oct 8, 2021.
             Slain by an adder (5 damage)
             ... on level 2 of the Dungeon on Nov 7, 2021.
             The game lasted 00:07:05 (1993 turns).

leafyfresh the Magician (Octopode Hedge Wizard)     Turns: 1993, Time: 00:07:05

Health: 0/21       AC:  1    Str:  9    XL:     3   Next: 41%
Magic:  1/8        EV: 12    Int: 17    God:
Gold:   41         SH:  3    Dex: 11    Spells: 3/9 levels left

rFire    . . .     SeeInvis .   a - +0 dagger
rCold    . . .     Faith    .   c - +0 buckler
rNeg     . . .     Spirit   .   b - +0 hat
rPois    .         Reflect  .   (no amulet)
rElec    .         Harm     .   d - ring of resist corrosion
rCorr    +         Rampage  .   (no ring)
Will     .....                  (no ring)
Stlth    +++.......             (no ring)
HPRegen  0.07/turn              (no ring)
MPRegen  0.11/turn              (no ring)
                                (no ring)
                                (no ring)

@: lethally poisoned (0 -> -4), very slightly contaminated
A: almost no armour, amphibious, 8 rings, camouflage 1, gelatinous body 1,
(nimble swimmer 1), tentacles
a: no special abilities


You were on level 2 of the Dungeon.
You visited 1 branch of the dungeon, and saw 2 of its levels.

You collected 41 gold pieces.

Inventory:

Hand Weapons
 a - a +0 dagger (weapon)
Missiles
 g - 2 boomerangs of dispersal
Armour
 b - a +0 hat (worn)
 c - a +0 buckler (worn)
Jewellery
 d - a ring of resist corrosion (left tentacle)
Scrolls
 e - 2 scrolls of holy word {unknown}
 f - a scroll of teleportation {unknown}
 h - a scroll of enchant weapon {unknown}
Potions
 i - a potion of curing {unknown}


   Skills:
 - Level 2.2 Dodging
 - Level 2.6 Stealth
 + Level 3.5 Spellcasting
 + Level 2.1 Conjurations
 - Level 1.0 Summonings
 - Level 1.0 Translocations


You had 3 spell levels left.
You knew the following spells:

 Your Spells              Type           Power      Damage    Failure   Level
a - Magic Dart            Conj           40%        1d5       12%         1
b - Mephitic Cloud        Conj/Pois/Air  5%         N/A       52%         3
c - Blink                 Tloc           N/A        N/A       28%         2

Your spell library contained the following spells:

 Spells                   Type           Power      Damage    Failure   Level
 Call Imp                 Summ           6%         N/A       28%         2
 Slow                     Hex            3%         N/A       38%         2
 Conjure Flame            Conj/Fire      6%         6-21      47%         3
 Ignite Poison            Fire/Tmut/Pois 3%         N/A       63%         3
 Bolt of Magma            Conj/Fire/Erth 2%         4d4       99%         5


Dungeon Overview and Level Annotations

Branches:
Dungeon (2/15)

Altars:


Innate Abilities, Weirdness & Mutations

You cannot wear most types of armour.
You are amphibious.
You can wear up to eight rings at the same time.
Your skin changes colour to match your surroundings (Stealth+).
Your rubbery body absorbs attacks. (AC +1, EV +1)
((You are camouflaged near water. (Stealth+)))
You have tentacles for arms and can constrict up to eight enemies at once.


Message History

Press: ? - help, Shift-Dir - straight line, f/p - adder
Aim: an adder (chance to affect: 91%)
You miscast Mephitic Cloud.
Nothing appears to happen.
The adder misses you.
Unknown command.
Casting: Mephitic Cloud (potentially lethal; 52% risk of failure)
Confirm with . or Enter, or press ? or * to list all spells.
Aiming: Magic Dart (safe; 12% risk of failure)
Press: ? - help, Shift-Dir - straight line, f/p - adder
Aim: an adder (100% to hit)
You miscast Magic Dart.
Nothing appears to happen.
The adder closely misses you.
Casting: Magic Dart (safe; 12% risk of failure)
Confirm with . or Enter, or press ? or * to list all spells.
Aiming: Magic Dart (safe; 12% risk of failure)
Press: ? - help, Shift-Dir - straight line, f/p - adder
Aim: an adder (100% to hit)
The magic dart hits the adder.
The adder is heavily wounded.
The adder closely misses you.
Casting: Magic Dart (safe; 12% risk of failure)
Confirm with . or Enter, or press ? or * to list all spells.
You don't have enough magic to cast this spell.
Unknown command.
You closely miss the adder. Your grab misses the adder.
The adder is heavily wounded.
The adder bites you. x2
You miss the adder. You grab the adder.
The adder is heavily wounded.
You constrict the adder. The adder barely misses you.
You hit the adder but do no damage.
The adder is heavily wounded.
You constrict the adder. The adder bites you.
You are poisoned.
The adder poisons you!
You hit the adder but do no damage.
The adder is severely wounded.
You constrict the adder.
* * * LOW HITPOINT WARNING * * *
You feel sick. The adder bites you.
You die...

# #.### ######.#####
P##....## #..........#
≈.P.##..# #..........#
≈P..≈##.## #..........#
≈♣lP≈P...# #.....÷....#
P≈≈≈♣≈P..#### #..........#
P.P≈≈♣≈≈PPP≈###.........<#
....≈≈♣≈≈≈≈PP##..........#
#K...≈♣≈♣≈≈PP##S@.......[#
#.#PP≈P♣♣♣)≈.))..........#
#.#≈PP♣≈♣≈≈P≈.############
#.PKP≈≈≈♣≈PPP.#
PPP≈♣≈≈≈PP≈P..#
≈≈♣♣♣♣≈PS≈P..## ♣P
PPP.....## PP≈...####
#...##


You could see an adder.

Vanquished Creatures
  A dart slug (D:2)
  3 endoplasms (D:1)
  4 giant cockroaches
  3 goblins
  A hobgoblin (D:1)
  2 quokkas (D:1)
  2 ball pythons
  2 bats (D:1)
  4 frilled lizards (D:1)
  6 kobolds
  6 rats
34 creatures vanquished.

Vanquished Creatures (others)
  25 plants (D:2)
25 creatures vanquished.

Grand Total: 59 creatures vanquished

Notes
Turn   | Place    | Note
-------+----------+-------------------------------------------
     0 | D:1      | leafyfresh the Octopode Hedge Wizard began the quest for
                  | the Orb.
     0 | D:1      | Reached XP level 1. HP: 11/11 MP: 4/4
   221 | D:1      | Reached XP level 2. HP: 7/17 MP: 6/6
   221 | D:1      | Upgraded the game from 0.27.1-3-gb3d3a73c9e to
                  | 0.27.1-4-g1640c2035a
   908 | D:1      | Reached XP level 3. HP: 15/21 MP: 7/7
  1604 | D:2      | Learned a level 3 spell: Mephitic Cloud
  1607 | D:2      | Learned a level 2 spell: Blink
  1993 | D:2      | Slain by an adder

Illustrated notes

Levels and vault maps discovered:
D:1:      eino_arrival_water_star, layout_rooms, serial_forest,
          infiniplex_forest_3_way, infiniplex_forest_clump_small,
          infiniplex_forest_lined_corner, infiniplex_forest_lined_ring,
          infiniplex_forest_clump_small, chequers_serial_rivers_room_b,
          grunt_decor_arrowhead, hex_large, minmay_lizard_pond
D:2:      layout_rooms, serial_bayou_lagoon_a

Skill      XL: |  1  2  3 |
---------------+----------+-----
Conjurations   | 2 |  2.1
Dodging        | |  2.2
Stealth        | |  2.6
Spellcasting   | |  3.5
Summonings     | |  1.0
Translocations | |  1.0

Action                   || total
-------------------------++-------
Melee: Dagger            ||    67
       Constrict         ||    15
       Tentacles         ||     6
 Cast: Magic Dart        ||    26
       Blink             ||     2
 Stab: Sleeping          ||     7
Armor: Skin              ||    14
Dodge: Dodged            ||    68
Block: Buckler           ||     3
